 Dungeon Crawl Stone Soup version 0.29-a0-11-ga75d3d97ab (webtiles) character file.

Game seed: 7710377085620878084

509 HallandMoats the Ruffian (level 7, -12/61 HPs)
             Began as a Ghoul Monk on Jan 28, 2022.
             Was a Believer of Okawaru.
             Mangled by an ogre (19 damage)
             ... on level 4 of the Dungeon.
             The game lasted 00:06:12 (5439 turns).

HallandMoats the Ruffian (Ghoul Monk)               Turns: 5439, Time: 00:06:12

Health: -12/61     AC: 11    Str: 17    XL:     7   Next: 19%
Magic:  8/8        EV:  5    Int:  5    God:    Okawaru [**....]
Gold:   299        SH:  0    Dex: 11    Spells: 6/6 levels left

rFire   . . .      SeeInvis .     - Unarmed
rCold   + . .      Faith    .   (no shield)
rNeg    + + +      Spirit   .   n - +0 plate armour
rPois   ∞          Reflect  .   (no helmet)
rElec   .          Harm     .   (no cloak)
rCorr   +          Rampage  .   (no gloves)
Will    .....                   (no boots)
Stlth   ..........              (no amulet)
HPRegen 0.00/turn               f - ring of resist corrosion
MPRegen 0.11/turn               (no ring)

@: inhibited regen
A: claws 1, cold resistance 1, negative energy resistance 3, inhibited
regeneration, torment resistance 2
a: Renounce Religion, Heroism


You were on level 4 of the Dungeon.
You worshipped Okawaru.
Okawaru was pleased with you.
You visited 2 branches of the dungeon, and saw 6 of its levels.

You collected 299 gold pieces.

Inventory:

Hand Weapons
 b - a +1 short sword of venom
Armour
 n - a +0 plate armour (worn)
Jewellery
 f - a ring of resist corrosion (left claw)
Wands
 m - a wand of paralysis (8)
 r - a wand of flame (29)
Scrolls
 c - a scroll of fear {unknown}
 g - a scroll of immolation
 h - a scroll of identify
 j - a scroll of enchant weapon {unknown}
 l - a scroll of vulnerability {unknown}
 o - a scroll of amnesia
Potions
 a - a potion of berserk rage {unknown}
 d - a potion of flight {unknown}
 e - 2 potions of might {unknown}
 i - a potion of curing {unknown}
 k - a potion of invisibility {unknown}
 p - a potion of magic {unknown}
 q - a potion of brilliance {unknown}


   Skills:
 * Level 5.3 Fighting
 + Level 2.2 Armour
 + Level 3.7 Dodging
 - Level 2.1 Stealth
 * Level 5.4 Unarmed Combat
 + Level 2.6 Invocations


You had 6 spell levels left.
You didn't know any spells.
Your spell library contained the following spells:

 Spells                   Type           Power      Damage    Failure   Level
 Shock                    Conj/Air       0%         1d3       100%        1
 Swiftness                Air            0%         N/A       100%        3
 Airstrike                Air            0%         N/A       100%        4
 Beastly Appendage        Tmut           Unusable   N/A       N/A         1
 Wereblood                Tmut           Unusable   N/A       N/A         2
 Spider Form              Tmut/Pois      Unusable   N/A       N/A         3

Dungeon Overview and Level Annotations

Branches:
Dungeon (5/15)             Temple (1/1) D:4

Altars:
Ashenzari
Cheibriados
Dithmenos
Elyvilon
Fedhas
Hepliaklqana
Makhleb
Nemelex Xobeh
Okawaru
Qazlal
Ru
Sif Muna
Trog
Uskayaw
Vehumet
Wu Jian
Yredelemnul
Zin
The Shining One


Innate Abilities, Weirdness & Mutations

You thrive by killing the living.
You are immune to poison.
You have sharp fingernails.
Your flesh is cold resistant. (rC+)
You are immune to negative energy. (rN+++)
You do not regenerate when monsters are visible.
You are immune to unholy pain and torment.


Message History

A necrophage comes into view.
Found an escape hatch in the ceiling.
A necrophage is nearby!
A necrophage is nearby!
A necrophage is nearby!
A necrophage is nearby!
An ogre comes into view. It is wielding a +0 giant club.
The necrophage hits you but does no damage.
You scratch the necrophage.
The necrophage is lightly damaged.
The necrophage hits you but does no damage.
You completely miss the necrophage.
The necrophage is lightly damaged.
The necrophage hits you but does no damage.
The ogre hits you with a +0 giant club.
You scratch the necrophage.
The necrophage is moderately damaged.
The necrophage hits you.
The ogre hits you with a +0 giant club!!
You claw the necrophage!
The necrophage is severely damaged.
The necrophage hits you.
You are too injured to fight recklessly!
You are too injured to fight recklessly!
You are too injured to fight recklessly!
You are too injured to fight recklessly!
You are too injured to fight recklessly!
You are too injured to fight recklessly!
The necrophage hits you. The necrophage closely misses you.
The necrophage hits you.
There is a stone staircase leading up here.
The ogre hits you with a +0 giant club!
* * * LOW HITPOINT WARNING * * *
You climb upwards.
There is a stone staircase leading down here.
The ogre hits you with a +0 giant club!
* * * LOW HITPOINT WARNING * * *
The ogre hits you with a +0 giant club!!
You die...

#####..[.###≈≈.#...#...### .#
###### #≈.≈#...#S#.#.## .#
###.≈c#...#NS.#..# .###
##.#.≈m#...#.N.#..## ...#
#..#####...#####.<.# ...###
##....##........##.# .....##
#.......>.........##### ....(.#
##....###O.#..#.#..##..#
......###.......@.##..###......#
......#.....#...###...###......#
......#...####.^##.......#...###
.#.##...#####..##........#.###
.####...........#..#........#####
.# #.......#........##.....##...
.# ###..##.####...#.######.###...
.###....##.########## #.....#.
......#'#####....##### #..#.##.


You could see a black mamba, a naga and an ogre.

Vanquished Creatures
  A sky beast (D:5)
  A scorpion (D:5)
  A bullfrog zombie (D:5)
  A hound (D:5)
  A bullfrog skeleton (D:4)
  A jelly (D:4)
  2 iguanas
  An orc wizard (D:4)
  4 adders
  A white imp (D:5)
  5 dart slugs
  9 orcs
  12 endoplasms
  A giant cockroach (D:1)
  8 goblins
  7 hobgoblins
  7 kobolds
  6 quokkas
  9 ball pythons
  7 bats
  A frilled lizard (D:1)
  4 rats (D:1)
90 creatures vanquished.

Vanquished Creatures (others)
  An orc wizard (D:4)
  6 fungi (D:1)
  2 plants (D:1)
9 creatures vanquished.

Grand Total: 99 creatures vanquished

Notes
Turn   | Place    | Note
-------+----------+-------------------------------------------
     0 | D:1      | HallandMoats the Ghoul Monk began the quest for the Orb.
     0 | D:1      | Reached XP level 1. HP: 19/19 MP: 0/0
   416 | D:1      | Reached XP level 2. HP: 26/26 MP: 1/1
   748 | D:1      | Reached XP level 3. HP: 33/33 MP: 2/2
  1213 | D:1      | Found a faded altar of an unknown god.
  1635 | D:2      | Reached skill level 1 in Invocations
  1865 | D:2      | Reached skill level 1 in Armour
  1878 | D:2      | Noticed an ogre
  2015 | D:2      | Reached XP level 4. HP: 40/40 MP: 3/3
  3819 | D:4      | Reached XP level 5. HP: 44/46 MP: 5/5
  3831 | D:4      | Found a staircase to the Ecumenical Temple.
  3951 | Temple   | Entered the Ecumenical Temple
  4116 | Temple   | Became a worshipper of Warmaster Okawaru
  4116 | Temple   | Reached * piety under Okawaru
  4116 | Temple   | Reached ** piety under Okawaru
  4472 | D:4      | Reached XP level 6. HP: 52/53 MP: 6/6
  4677 | D:4      | Found a snail-covered altar of Cheibriados.
  4716 | D:4      | Found a broken altar of Ashenzari.
  4720 | D:4      | Saw a vision of the Shoals and the Snake Pit.
  4720 | D:4      | Noticed a merfolk
  4720 | D:4      | Noticed a naga
  4720 | D:4      | Noticed a merfolk siren
  4720 | D:4      | Noticed a naga mage
  4720 | D:4      | Noticed a naga mage
  4720 | D:4      | Noticed a mana viper
  4720 | D:4      | Noticed a merfolk
  4720 | D:4      | Noticed an anaconda
  4720 | D:4      | Noticed a naga ritualist
  4720 | D:4      | Noticed a mana viper
  4720 | D:4      | Noticed a black mamba
  4720 | D:4      | Noticed a salamander
  4720 | D:4      | Noticed a naga
  4721 | D:4      | Noticed a black mamba
  4721 | D:4      | Noticed a black mamba
  4722 | D:4      | Noticed a merfolk siren
  4830 | D:5      | Entered Level 5 of the Dungeon
  5109 | D:5      | Found a radiant altar of Vehumet.
  5121 | D:5      | Reached skill level 5 in Unarmed Combat
  5173 | D:5      | Reached skill level 5 in Fighting
  5211 | D:5      | Noticed a sky beast
  5231 | D:5      | Killed a sky beast
  5232 | D:5      | Reached XP level 7. HP: 44/61 MP: 7/7
  5439 | D:4      | Mangled by an ogre

Illustrated notes

Levels and vault maps discovered:
D:1:      sevenhm_arrival_forest_fort_large_4, layout_loops_ring,
          shapermc_ecumenical_altar_mp_urbaneastern
D:2:      layout_basic, minivault_24
D:3:      layout_basic, minmay_misc_feat_encased, amethyst_killhole,
          minmay_misc_feat_x, supply_closet_lemuel
D:4:      layout_cave_pools, grunt_ashenzari_visionary
          [grunt_ashenzari_visionary_shoals, grunt_ashenzari_visionary_snake],
          mainiacjoe_overflow_swirl, temple_hall, serial_glass, glass_columns_a,
          glass_columns_a, grunt_ministairs_3
D:5:      layout_loops_cross, nicolae_vehumet_radiance,
          lemuel_zombie_altar_kikubaaqudgha
Temple:   eino_wide_crystal_templ

Skill      XL: |  1  2  3  4  5  6 |
---------------+-------------------+-----
Invocations    | 1 2 |  2.6
Unarmed Combat | 4 5 |  5.4
Armour         | 1 2 |  2.2
Dodging        | 3 |  3.7
Fighting       | 4 5 |  5.3
Stealth        | |  2.1

Action                   |  1- 3 |  4- 6 |  7- 9 || total
-------------------------+-------+-------+-------++-------
Melee: Unarmed           |   143 |   192 |    11 ||   346
       Punch             |     4 |     4 |     1 ||     9
Invok: Heroism           |       |     1 |       ||     1
  Use: Scroll            |     1 |     6 |       ||     7
 Stab: Sleeping          |    11 |     2 |       ||    13
Armor: Robe              |    25 |       |       ||    25
       Ring mail         |    19 |    29 |       ||    48
       Plate armour      |       |    51 |     8 ||    59
Dodge: Dodged            |    79 |    52 |     2 ||   133

Table legend: (Time is in decaauts)
 A = Elapsed time spent in this place.
 B = Non-inter-level travel time spent in this place.
 C = Inter-level travel time spent in this place.
 D = Time resting spent in this place.
 E = Time spent auto-exploring this place.
 F = Levels seen in this place.
 G = Mean time per level.
                   A        B        C        D        E       F      G
               +--------+--------+--------+--------+--------+-----+--------+
         Total |   5410 |   5243 |    167 |    143 |   4145 |   6 |  901.7 |
       Dungeon |   5225 |   5087 |    138 |    143 |   4003 |   5 | 1045.0 |
        Temple |    184 |    155 |     29 |      0 |    142 |   1 |  184.0 |
               +--------+--------+--------+--------+--------+-----+--------+

Top non-repeatable levels by time:
     D:1: 1427 daAuts
     D:2: 1311 daAuts
     D:3: 968 daAuts
     D:4: 918 daAuts
     D:5: 600 daAuts
  Temple: 184 daAuts
